 Dungeon Crawl Stone Soup version 0.20.1-1-g8b1a95d (webtiles) character file.

66360 raph the Severer (level 15, -7/130 HPs)
             Began as a Hill Orc Fighter on Sept 28, 2017.
             Was the Champion of Beogh.
             Killed from afar by a raiju (14 damage)
             ... with a living lightning
             ... on level 2 of the Abyss on Sept 29, 2017.
             The game lasted 01:05:18 (21424 turns).

raph the Severer (Hill Orc Fighter)                Turns: 21424, Time: 01:05:19

Health: -7/130     AC: 30    Str: 22    XL:     15   Next: 19%
Magic:  0/23       EV: 10    Int:  8    God:    Beogh [******]
Gold:   1207       SH: 21    Dex: 14    Spells: 14/14 levels left

rFire    . . .     SeeInvis +   e - +3 broad axe (flame)
rCold    . . .     Gourm    .   E - +1 large shield
rNeg     . . .     Faith    .   u - +5 plate armour
rPois    .         Spirit   +   K - +2 helmet {SInv}
rElec    .         Reflect  .   N - scarf {Spirit}
rCorr    .         Harm     .   l - +1 pair of gloves
MR       +....                  A - +1 pair of boots
Stlth    ..........             w - amulet of magic regeneration
Regen    0.4/turn               M - +3 ring of evasion
MPRegen  0.3/turn               I - +2 ring of protection

@: no status effects
A: walk on water
a: Smiting, Recall Orcish Followers, Give Item to Named Follower, Resurrection,
Renounce Religion


You were on level 2 of the Abyss.
You worshipped Beogh.
Beogh was exalted by your worship.
You were not hungry.

You visited 4 branches of the dungeon, and saw 21 of its levels.
You visited the Abyss 1 time.

You collected 1997 gold pieces.
You spent 790 gold pieces at shops.

Inventory:

Hand Weapons
 a - a +4 war axe
 b - a +1 morningstar of venom
 e - a +3 broad axe of flaming (weapon)
 p - a +3 war axe
 O - the +6 trident of Fortitude {pierce, Str+7, unknown}
   (You took it off a centaur on level 12 of the Dungeon)

   It inflicts extra damage upon your enemies.
   It affects your strength (+7).
Missiles
 j - 12 tomahawks (quivered)
Armour
 l - a +1 pair of gloves (worn)
 t - a +0 large shield
 u - a +5 plate armour (worn)
 A - a +1 pair of boots (worn)
 E - a +1 large shield (worn)
 K - a +2 helmet of see invisible (worn)
 N - a scarf of spirit shield (worn)
 T - the +0 chain mail of the Old World {*Corrode +Inv rElec MR+ Int+8}
   (You found it on level 10 of the Dungeon)

   It affects your intelligence (+8).
   It insulates you from electricity.
   It affects your resistance to hostile enchantments.
   It lets you turn invisible.
   It may corrode you when you take damage.
Magical Staves
 y - an uncursed staff of conjuration
Jewellery
 v - an uncursed ring of flight
 w - an amulet of magic regeneration (around neck)
 z - the cursed ring "Qiosual" {+Fly rElec MR++ Int-3 Slay-3, unknown}
   (You took it off a centaur on level 12 of the Dungeon)

   [ring of slaying]

   It affects your intelligence (-3).
   It affects your accuracy and damage with ranged weapons and melee attacks
   (-3).
   It insulates you from electricity.
   It affects your resistance to hostile enchantments.
   It lets you fly.
   It has a curse placed upon it.
 I - a +2 ring of protection (right hand)
 M - a +3 ring of evasion (left hand)
Wands
 o - a wand of paralysis (6/24)
 s - a wand of iceblast (0/15)
 C - a wand of paralysis (16/24)
 V - a wand of disintegration (0/24)
 W - a wand of acid (0/15)
Scrolls
 c - 2 scrolls of blinking
 g - 3 scrolls of identify
 i - a scroll of fear
 k - 12 scrolls of teleportation
 n - a scroll of remove curse
 q - 5 scrolls of recharging
 x - 5 scrolls of amnesia
 P - a scroll of summoning
Potions
 d - 2 potions of might
 h - 3 potions of flight
 B - a potion of ambrosia
 D - 3 potions of cancellation
 F - 2 potions of brilliance
 G - 3 potions of invisibility
 L - 3 potions of agility
 S - a potion of magic
 U - 5 potions of curing
Books
 Q - a book of Maledictions

   Spells                             Type                      Level
   a - Corona                         Hexes                        1
   b - Ensorcelled Hibernation        Hexes/Ice                    2
   c - Confuse                        Hexes                        3
   d - Tukima's Dance                 Hexes                        3
   e - Dazzling Spray                 Conjuration/Hexes            3
 R - a book of Burglary

   Spells                             Type                      Level
   a - Swiftness                      Charms/Air                   2
   b - Passwall                       Transmutation/Earth          2
   c - Passage of Golubria            Translocation                4
   d - Lee's Rapid Deconstruction     Earth                        5
   e - Darkness                       Hexes                        6
   f - Invisibility                   Hexes                        6
 X - a book of Frost

   Spells                             Type                      Level
   a - Freeze                         Ice                          1
   b - Throw Frost                    Conjuration/Ice              2
   c - Ozocubu's Armour               Charms/Ice                   3
   d - Throw Icicle                   Conjuration/Ice              4
   e - Summon Ice Beast               Ice/Summoning                4
 Y - a book of Necromancy

   Spells                             Type                      Level
   a - Pain                           Necromancy                   1
   b - Animate Skeleton               Necromancy                   1
   c - Vampiric Draining              Necromancy                   3
   d - Regeneration                   Charms/Necromancy            3
   e - Animate Dead                   Necromancy                   4
   f - Control Undead                 Necromancy                   4
Miscellaneous
 J - a box of beasts
 Z - a lightning rod (1/4)
Comestibles
 f - 12 bread rations
 m - 7 royal jellies
 r - 2 meat rations
 H - 12 fruits


   Skills:
 - Level 11.3 Fighting
 - Level 17.5 Axes
 + Level 11.7 Armour
 - Level 5.1 Dodging
 * Level 14.7 Shields
 - Level 11.0 Invocations
 - Level 4.7 Evocations


You had 14 spell levels left.
You didn't know any spells.

Dungeon Overview and Level Annotations

Branches:
Dungeon (12/15)            Temple (1/1) D:6            Lair (6/6) D:11
  Swamp (0/4) Lair:4        Snake (0/4) Lair:3        Slime (0/5) Lair:5
    Orc (2/2) D:10            Elf (0/3) Orc:2

Altars:
Ashenzari
Cheibriados
Dithmenos
Elyvilon
Fedhas
Gozag
Hepliaklqana
Kikubaaqudgha
Makhleb
Nemelex Xobeh
Okawaru
Qazlal
Ru
Sif Muna
Trog
Uskayaw
Vehumet
Xom
Yredelemnul
Zin
The Shining One
Jiyva

Shops:
D:9 =   D:12 [   Orc:2 =%:*

Annotations:
D:12 Sonja


Message History

The great orb of eyes is heavily wounded.
You hit the bone dragon but do no damage.
Your shield and plate armour prevent you from hitting the quasit.
Your orb spider begins to weave its threads into a brightly glowing ball.
You block the bone dragon's attack. x2; The bone dragon closely misses you.
The great orb of eyes bites you but does no damage.
You block the quasit's attack. x2
The quasit claws you but does no damage.
You hit the great orb of eyes. You burn the great orb of eyes.
The great orb of eyes is heavily wounded.
You hit the bone dragon but do no damage.
You closely miss the quasit. The smoke demon gestures at you.
Something smites you!
* * * LOW HITPOINT WARNING * * *
The raiju bursts into living lightning!
The living lightning hits the raiju.
The raiju completely resists.
The living lightning hits your orb spider.
The living lightning hits you!
You die...

... .......♣≈ ....
.......≈≈ ....
........≈≈ .....
#......≈≈..
.....##.....≈≈#...
/.........≈≈≈.. ...
.....[...♣≈.§... ..
...(X3G@≈≈..§.......
......5D§......... ..
.......§............/
......§≈..§............
.....≈≈....s.##......#
....≈♣≈......##......##.
....≈≈.......h....... .
....≈≈........h..... ...
...≈≈...........(.... .


You could see a bone dragon, a great orb of eyes, a large abomination, a smoke
demon, 2 raiju, a quasit and a friendly orb spider.

Vanquished Creatures
  An entropy weaver (Lair:4)
  Erolcha (Orc:2)
  5 hydras
  13 two-headed ogres
  2 catoblepae
  A death yak (D:8)
  4 ogre magi (Orc:2)
  Erica (Lair:2)
  2 tengu warriors
  2 thrashing horrors (Abyss:2)
  A deep elf knight (D:12)
  An unseen horror (D:12)
  A deep elf mage (D:12)
  A lindwurm (Lair:4)
  3 ugly things
  An orc sorcerer (Orc:2)
  A cyclops (D:12)
  2 elephants (Lair:6)
  3 black mambas
  3 rime drakes
  9 spiny frogs
  6 komodo dragons
  2 meliai (D:12)
  2 tengu conjurers (D:10)
  3 trolls
  4 polar bears
  6 hippogriffs
  2 dream sheep (Lair:6)
  2 blink frogs
  Sigmund (D:3)
  4 shadows
  22 yaks
  A steam dragon (D:7)
  A vampire mosquito (D:12)
  2 hungry ghosts
  Menkaure (D:6)
  A warg (Orc:2)
  An acid dragon (D:12)
  4 soldier ants (Lair:4)
  4 swamp worms (Lair:4)
  7 water moccasins
  7 orc warriors
  6 porcupines
  4 black bears
  6 ice beasts
  2 sky beasts
  A necrophage (D:7)
  31 ogres
  6 wolves
  7 centaurs
  7 crocodiles
  The ghost of Enish the Digger, an amateur OpEE (D:5)
  9 bullfrogs
  A water moccasin zombie (D:9)
  A wyvern skeleton (D:7)
  A scorpion (D:12)
  A hornet simulacrum (D:8)
  7 killer bees (D:8)
  5 wights (D:9)
  4 howler monkeys (D:9)
  7 electric eels
  2 centaur zombies
  6 crimson imps
  15 hounds
  8 orc wizards
  Crazy Yiuf (D:2)
  2 centaur skeletons
  5 orc priests
  2 bullfrog skeletons
  2 jellies
  8 iguanas
  18 worker ants
  A hound zombie (D:7)
  A hound skeleton (D:7)
  A howler monkey zombie (D:8)
  6 gnolls
  A howler monkey skeleton (D:10)
  18 adders
  4 shadow imps
  4 white imps (D:8)
  An ooze (D:2)
  An adder zombie (D:5)
  An adder skeleton (D:4)
  A dart slug (D:4)
  A worm (D:2)
  2 adder simulacra (D:8)
  13 leopard geckos
  39 orcs
  2 giant cockroaches
  11 goblins
  6 hobgoblins
  12 jackals
  5 quokkas
  3 ball pythons
  5 bats
  3 frilled lizards
  A giant cockroach zombie (D:4)
  2 goblin skeletons (D:4)
  3 goblin zombies (D:4)
  2 hobgoblin zombies (D:4)
  7 kobolds
  A kobold skeleton (D:4)
  A kobold zombie (D:4)
  An orc zombie (D:4)
  6 rats
  2 plants
485 creatures vanquished.

Vanquished Creatures (collateral kills)
  An entropy weaver (Lair:4)
  8 hydras
  A two-headed ogre (Orc:2)
  A queen ant (Lair:4)
  2 death yaks
  An orc high priest (Orc:1)
  A deep elf mage (D:12)
  An ugly thing (D:12)
  A cyclops (D:12)
  2 elephants (Lair:6)
  A torpor snail (Lair:4)
  A black mamba (Lair:5)
  2 spiny frogs
  A rime drake (Lair:4)
  2 centaur skeletons (D:12)
  5 komodo dragons
  A polar bear (Lair:5)
  5 blink frogs
  2 dream sheep (Lair:6)
  5 hippogriffs
  A vampire (D:12)
  A shadow (D:12)
  2 wyverns
  A wraith (D:12)
  11 yaks
  4 basilisks
  A vampire mosquito (D:12)
  2 swamp worms (Lair:4)
  5 water moccasins
  7 soldier ants (Lair:4)
  An orc warrior (Orc:1)
  3 porcupines (Lair:4)
  A sky beast (D:12)
  2 wolves (Lair:6)
  An ogre (D:12)
  4 centaurs
  5 crocodiles
  A bullfrog (Lair:1)
  2 electric eels (Lair:2)
  A hound (D:12)
  A jelly (D:12)
  3 orc wizards
  7 worker ants (Lair:4)
  An adder (shapeshifter) (D:12)
  3 adders (Lair:3)
  An ufetubus (Abyss:2)
  5 orcs
  4 fungi
  5 plants
130 creatures vanquished.

Vanquished Creatures (others)
  3 orc knights
  An orc sorcerer (D:12)
  8 orc warriors
  A water elemental (D:11)
  2 orc priests
  2 orc wizards
  10 orcs
  19 fungi
  A lurking horror (Abyss:2)
  5 plants
52 creatures vanquished.

Grand Total: 667 creatures vanquished

Notes
Turn   | Place    | Note
-------+----------+-------------------------------------------
     0 | D:1      | raph the Hill Orc Fighter began the quest for the Orb.
     0 | D:1      | Reached XP level 1. HP: 19/19 MP: 1/1
    28 | D:1      | Reached skill level 3 in Axes
   326 | D:1      | Reached XP level 2. HP: 26/26 MP: 2/2
   595 | D:1      | Reached skill level 4 in Axes
  1085 | D:2      | Reached XP level 3. HP: 27/31 MP: 3/3
  1266 | D:2      | Reached skill level 5 in Axes
  1327 | D:2      | Reached XP level 4. HP: 36/39 MP: 4/4
  1333 | D:2      | Reached skill level 6 in Axes
  1456 | D:2      | Found a shimmering altar of Xom.
  1553 | D:2      | Found a runed door.
  1557 | D:2      | Noticed Crazy Yiuf
  1561 | D:2      | Killed Crazy Yiuf
  1561 | D:2      | Reached XP level 5. HP: 36/45 MP: 0/5
  1853 | D:3      | Reached skill level 7 in Axes
  2020 | D:3      | Found a shadowy altar of Dithmenos.
  2038 | D:3      | Noticed Sigmund
  2058 | D:3      | Killed Sigmund
  2058 | D:3      | Reached skill level 9 in Axes
  2058 | D:3      | Reached XP level 6. HP: 27/51 MP: 6/6
  2669 | D:4      | Found a glowing golden altar of the Shining One.
  2696 | D:4      | Reached XP level 7. HP: 57/57 MP: 7/7
  2788 | D:4      | Found a glowing silver altar of Zin.
  2802 | D:4      | Found a bloodstained altar of Trog.
  2995 | D:4      | Reached skill level 10 in Axes
  3250 | D:5      | Entered Level 5 of the Dungeon
  3393 | D:5      | Reached skill level 11 in Axes
  3509 | D:5      | Noticed Enish's ghost (amateur OpEE)
  3515 | D:5      | Killed Enish's ghost
  3515 | D:5      | Reached XP level 8. HP: 64/64 MP: 8/8
  3567 | D:5      | Reached skill level 12 in Axes
  3638 | D:5      | Found a hazy altar of Hepliaklqana.
  3926 | D:5      | Found a shattered altar of Ashenzari.
  3926 | D:5      | Found a sparkling altar of Nemelex Xobeh.
  3927 | D:5      | Found a snail-covered altar of Cheibriados.
  4056 | D:6      | Found a blossoming altar of Fedhas.
  4057 | D:6      | Found a stormy altar of Qazlal.
  4396 | D:6      | Found a staircase to the Ecumenical Temple.
  4413 | Temple   | Entered the Ecumenical Temple
  4504 | D:6      | Noticed Menkaure
  4510 | D:6      | Killed Menkaure
  4510 | D:6      | Reached skill level 1 in Dodging
  4869 | D:6      | Found an ancient bone altar of Kikubaaqudgha.
  4930 | D:7      | Found a blossoming altar of Fedhas.
  5021 | D:7      | Reached skill level 13 in Axes
  5155 | D:7      | Reached XP level 9. HP: 68/72 MP: 9/9
  5376 | D:7      | Reached skill level 5 in Fighting
  5681 | D:7      | Became a worshipper of Beogh the Brigand
  5752 | D:7      | Reached skill level 5 in Armour
  5957 | D:8      | Reached skill level 1 in Invocations
  6048 | D:8      | Noticed a polar bear
  6066 | D:8      | Killed a polar bear
  6263 | D:8      | Found an iron altar of Okawaru.
  6274 | D:8      | Noticed a polar bear
  6280 | D:8      | Reached skill level 14 in Axes
  6289 | D:8      | Killed a polar bear
  6597 | D:8      | Noticed a polar bear
  6601 | D:8      | Noticed a death yak
  6614 | D:8      | Reached XP level 10. HP: 57/83 MP: 12/12
  6632 | D:8      | Killed a death yak
  6632 | D:8      | Reached * piety under Beogh
  6996 | D:8      | Reached skill level 15 in Axes
  7685 | D:9      | Found a shimmering altar of Xom.
  7864 | D:9      | Reached ** piety under Beogh
  7864 | D:9      | Reached skill level 5 in Invocations
  7882 | D:9      | Found Wamupryi's Jewellery Emporium.
  7912 | D:9      | Bought a +3 ring of evasion for 294 gold pieces
  8075 | D:9      | Got a crude whip
  8076 | D:9      | Identified the +3 whip of the Vanishing Ships {vamp, *Corrode Str+5 Dex+6} (You found it on level 9 of the Dungeon)
  8215 | D:9      | Reached XP level 11. HP: 80/93 MP: 12/15
  8521 | D:10     | Entered Level 10 of the Dungeon
  8523 | D:10     | Noticed a tengu warrior
  8531 | D:10     | Killed a tengu warrior
  8624 | D:10     | Got a jasper-encrusted chain mail
  8635 | D:10     | Identified the cursed +0 chain mail of the Old World {*Corrode +Inv rElec MR+ Int+8} (You found it on level 10 of the Dungeon)
  8790 | D:10     | Noticed a two-headed ogre
  8800 | D:10     | Killed a two-headed ogre
  8854 | D:10     | Found a staircase to the Orcish Mines.
  9257 | D:10     | Found a shadowy altar of Dithmenos.
  9467 | Orc:1    | Entered Level 1 of the Orcish Mines
  9504 | D:11     | Noticed a white ugly thing
  9716 | D:10     | Killed a white ugly thing
  9716 | D:10     | Reached skill level 5 in Dodging
 10056 | D:11     | Noticed a tengu warrior
 10287 | D:11     | Reached *** piety under Beogh
 10329 | D:11     | Noticed a two-headed ogre
 10341 | D:11     | Killed a two-headed ogre
 10396 | D:11     | Killed a tengu warrior
 10396 | D:11     | Reached skill level 16 in Axes
 10629 | D:11     | Found a staircase to the Lair.
 10658 | D:11     | Noticed a purple ugly thing
 10672 | D:11     | Killed a purple ugly thing
 10672 | D:11     | Reached skill level 5 in Shields
 10888 | D:11     | Reached XP level 12. HP: 67/104 MP: 13/18
 11125 | D:11     | Gained Koronagh as an ally
 11337 | D:11     | Noticed an eight-headed hydra
 11343 | D:11     | Your ally Koronagh died
 11344 | D:11     | Killed an eight-headed hydra
 11483 | Orc:1    | Reached **** piety under Beogh
 11733 | Lair:1   | Entered Level 1 of the Lair of Beasts
 12132 | Lair:1   | Noticed an eight-headed hydra
 12140 | Lair:1   | Killed an eight-headed hydra
 12305 | Lair:1   | Reached skill level 1 in Evocations
 12553 | Lair:2   | Noticed a seven-headed hydra
 12561 | Lair:2   | Killed a seven-headed hydra
 12758 | Lair:2   | Noticed a five-headed hydra
 12769 | Lair:2   | Killed a five-headed hydra
 12777 | Lair:2   | Reached skill level 10 in Fighting
 12847 | Lair:2   | Noticed Erica
 12858 | Lair:2   | Killed Erica
 12876 | Lair:2   | Gained Hilgar as an ally
 13034 | Lair:2   | Found a hazy altar of Hepliaklqana.
 13234 | Lair:2   | Reached XP level 13. HP: 112/113 MP: 20/20
 14043 | Lair:3   | Found a staircase to the Snake Pit.
 14682 | Lair:3   | Reached ***** piety under Beogh
 15014 | Lair:4   | Gained Berold as an ally
 15019 | Lair:4   | Reached skill level 17 in Axes
 15201 | Lair:4   | Reached skill level 10 in Invocations
 15232 | Lair:4   | Noticed an entropy weaver
 15244 | Lair:4   | Killed an entropy weaver
 15649 | Lair:4   | Reached skill level 10 in Armour
 15853 | Lair:4   | Reached skill level 10 in Shields
 16009 | Lair:4   | Noticed an entropy weaver
 16030 | Lair:4   | Killed an entropy weaver
 16430 | Lair:4   | Found a staircase to the Swamp.
 16726 | Lair:5   | Found a viscous altar of Jiyva.
 16726 | Lair:5   | Found a staircase to the Slime Pits.
 16923 | Lair:5   | Reached XP level 14. HP: 121/124 MP: 22/22
 17453 | Lair:6   | Entered Level 6 of the Lair of Beasts
 17478 | Lair:6   | Your ally Hilgar died
 18265 | Orc:2    | Entered Level 2 of the Orcish Mines
 18270 | Orc:2    | Paralysed by an orc sorcerer for 7 turns
 18287 | Orc:2    | Paralysed by an orc sorcerer for 3 turns
 18661 | Orc:2    | Found Vugifie's Food Shoppe.
 18661 | Orc:2    | Found Vog Zeko's Assorted Antiques.
 18661 | Orc:2    | Found Liunt's Jewellery Shop.
 18661 | Orc:2    | Found Fyppy's Book Shoppe.
 19742 | Orc:2    | Bought a dented peridot amulet for 160 gold pieces
 19742 | Orc:2    | Bought a potion of curing for 96 gold pieces
 19742 | Orc:2    | Bought a scroll of blinking for 240 gold pieces
 19817 | Orc:2    | Found a staircase to the Elven Halls.
 19917 | Orc:2    | Noticed Erolcha
 19928 | Orc:2    | Killed Erolcha
 20345 | D:12     | Found Putugg's Armour Shop.
 20559 | D:12     | Gained Morun as an ally
 20576 | D:12     | Your ally Morun died
 20580 | D:12     | Your ally Berold died
 20588 | D:12     | Gained Gorg as an ally
 20588 | D:12     | Reached XP level 15. HP: 38/130 MP: 11/23
 20600 | D:12     | Reached ****** piety under Beogh
 20607 | D:12     | Your ally Gorg died
 20609 | D:12     | HP: 1/130 [meliai/divine providence (12)]
 20611 | D:12     | Gained Argrim as an ally
 20630 | D:12     | HP: 1/130 [deep elf mage/shard of ice (13)]
 21109 | D:12     | Got a slimy lead ring
 21110 | D:12     | Got a transparent trident {pierce}
 21207 | D:12     | Identified a scroll of acquirement
 21304 | D:12     | Noticed Sonja
 21309 | D:12     | Cast into level 2 of the Abyss (Sonja)
 21361 | Abyss:2  | Noticed a bone dragon
 21414 | Abyss:2  | Paralysed by a great orb of eyes for 7 turns
 21424 | Abyss:2  | Killed from afar by a raiju

Skill      XL: |  1  2  3  4  5  6  7  8  9 10 11 12 13 14 |
---------------+-------------------------------------------+-----
Axes           | 3 4 5 6 9 11 13 14 15 16 17 | 17.5
Fighting       | 4 6 7 9 10 11 | 11.3
Dodging        | 1 3 4 5 |  5.1
Armour         | 4 5 6 8 9 10 11 | 11.7
Invocations    | 3 5 8 9 10 11 | 11.0
Shields        | 5 8 10 14 | 14.7
Evocations     | 2 4 |  4.7

Action                   |  1- 3 |  4- 6 |  7- 9 | 10-12 | 13-15 || total
-------------------------+-------+-------+-------+-------+-------++-------
Melee: War axe           |    91 |   175 |   295 |   629 |   614 ||  1804
       Morningstar       |       |       |       |     5 |    24 ||    29
       Broad axe         |       |       |       |       |    46 ||    46
Throw: Tomahawk          |       |       |       |     5 |     1 ||     6
Invok: Convert to Beogh  |       |       |     1 |       |       ||     1
       Smiting           |       |       |       |       |     9 ||     9
       Give Item to Name |       |       |       |       |     2 ||     2
       Recall Orcish Fol |       |       |       |       |     2 ||     2
       Stop Recall       |       |       |       |       |     1 ||     1
Evoke: Wand              |       |       |       |    11 |     4 ||    15
       Lightning rod     |       |       |       |     4 |     7 ||    11
  Use: Scroll            |       |       |    16 |    12 |    11 ||    39
       Potion            |       |       |       |     7 |     4 ||    11
 Stab: Distracted        |       |       |       |     2 |     3 ||     5
       Petrified         |       |       |       |       |     4 ||     4
       Paralysed         |       |       |       |       |     2 ||     2
       Petrifying        |       |       |       |       |     1 ||     1
  Eat: Chunk             |     1 |     5 |    13 |    13 |    19 ||    51
       Meat ration       |       |       |       |     2 |     2 ||     4
Armor: Scale mail        |    42 |    39 |       |       |       ||    81
       Chain mail        |       |    73 |   207 |   297 |       ||   577
       Plate armour      |       |       |       |    68 |   423 ||   491
Dodge: Dodged            |    48 |    67 |   106 |   380 |   286 ||   887
Block: Buckler           |       |       |       |    82 |   118 ||   200
       Large shield      |       |       |       |       |   386 ||   386
